 Seeded DCSS version 0.30.1-9-gdf580d7c3d (webtiles) character file.

Game seed: 5 (custom seed)

261 Kazon the Ducker (level 5, 0/41 HPs)
             Began as a Demonspawn Gladiator on Oct 3, 2023.
             Was a Follower of Okawaru.
             Slain by Sigmund
             ... wielding a +0 scythe
              (8 damage)
             ... on level 4 of the Dungeon.
             The game lasted 00:13:38 (2574 turns).

Kazon the Ducker (Demonspawn Gladiator)             Turns: 2574, Time: 00:13:40

Health: 0/41       AC:  4    Str: 16    XL:     5   Next: 96%
Magic:  15/15      EV:  9    Int: 11    God:    Okawaru [*.....]
Gold:   188        SH: 13    Dex: 21    Spells: 4/4 levels left

rFire   . . .        y - +3 morningstar "Apiweoso" {elec, rElec rN+++ Will- Int+2}
rCold   . . .        c - +0 tower shield
rNeg    + + +        b - +0 leather armour
rPois   .            (helmet restricted)
rElec   +            (no cloak)
rCorr   .            (no gloves)
SInv    .            (no boots)
Will    .....        (no amulet)
Stlth   ++           r - ring of magical power
HPRegen 0.26/turn    x - +6 ring of dexterity
MPRegen 0.14/turn

%: no passive effects
@: no status effects
A: antennae 1, rugged brown scales 1, powered by death 1
a: Renounce Religion, Heroism


You were on level 4 of the Dungeon.
You worshipped Okawaru.
Okawaru was aware of your devotion.
You visited 2 branches of the dungeon, and saw 5 of its levels.

You collected 188 gold pieces.

Inventory:

Hand Weapons
 a - a +0 war axe
 e - a +2 vampiric dagger
 f - a +0 hand axe of flaming
 y - the +3 morningstar "Apiweoso" (weapon) {elec, rElec rN+++ Will- Int+2}
   (You acquired it on level 1 of the Dungeon)

   Int:       It affects your intelligence (+2).
   rElec:     It insulates you from electricity.
   rN:        It renders you almost immune to negative energy.
   Will:      It decreases your willpower.
Missiles
 d - 3 throwing nets
 i - 15 stones (quivered)
 j - 3 boomerangs
 q - a javelin
 s - 5 poisoned darts
Armour
 b - a +0 leather armour (worn)
 c - a +0 tower shield (worn)
Jewellery
 r - a ring of magical power (left hand)
 x - a +6 ring of dexterity (right hand)
Wands
 z - a wand of paralysis (8)
Scrolls
 g - a scroll of fog {unknown}
 l - 2 scrolls of magic mapping {unknown}
 m - a scroll of summoning {unknown}
 n - 2 scrolls of identify {unknown}
 o - a scroll of blinking {unknown}
 p - a scroll of teleportation
 A - a scroll of amnesia {unknown}
 B - a scroll of torment {unknown}
Potions
 h - a potion of resistance {unknown}
 k - 3 potions of curing {unknown}
 t - a potion of invisibility {unknown}
 u - a potion of flight {unknown}
 v - a potion of berserk rage {unknown}
 w - 2 potions of heal wounds {unknown}


   Skills:
 + Level 2.8 Fighting
 * Level 1.1 Short Blades
 + Level 2.9(3.5) Axes
 + Level 2.8(3.5) Maces & Flails
 + Level 2.0 Throwing
 + Level 1.3 Armour
 + Level 3.3 Dodging
 + Level 0.1 Stealth
 + Level 1.2 Shields
 * Level 1.4 Invocations


You had 4 spell levels left.
You didn't know any spells.
Your spell library contained the following spells:

 Spells                   Type           Power      Damage    Failure   Level
 Frozen Ramparts          Ice            0%         1d1       100%        3
 Ice Form                 Ice/Tmut       0%         N/A       100%        4
 Summon Ice Beast         Ice/Summ       Unusable   N/A       N/A         4

Dungeon Overview and Level Annotations

Branches:
Dungeon (4/15)             Temple (1/1) D:4

Altars:
Ashenzari
Cheibriados
Dithmenos
Fedhas
Gozag
Hepliaklqana
Kikubaaqudgha
Makhleb
Nemelex Xobeh
Okawaru
Qazlal
Ru
Trog
Uskayaw
Vehumet
Wu Jian
Yredelemnul

Annotations:
D:4 Sigmund


Innate Abilities, Weirdness & Mutations

You have a pair of small antennae on your head.
You are partially covered in rugged brown scales. (AC +1, +3% HP)
You regenerate a little health from kills.


Message History

Okawaru accepts your kill.
Found 6 stones.
i - 15 stones (gained 6)
A ball python comes into view.
The ball python moves out of view.
The ball python hisses angrily.
You puncture the ball python!
You kill the ball python!
Okawaru accepts your kill.
You can now gain great but temporary skills.
Found a scroll labelled VIARYS VORITO.
B - a scroll labelled VIARYS VORITO
n - 2 scrolls labelled IBLIAL CESEF (gained 1) Sigmund the Dreaded comes into view.
He is wielding a +0 scythe.
Sigmund shouts!
Sigmund casts a spell at you.
You are confused.
Sigmund casts a spell.
Sigmund flickers and vanishes!
Deactivating autopickup; reactivate with Ctrl-A.
A puff of flame appears from out of thin air!
The puff of flame hits you!
You hear some strange, mumbled words.
A puff of flame appears from out of thin air!
The puff of flame hits you! Something hits you.
You feel less confused. Something hits you.
You miss something. Something completely misses you.
You closely miss something.
You hear some strange, mumbled words.
A magic dart appears from out of thin air!
The magic dart hits you.
You sock something! Lightning courses through something!
You hear some strange, mumbled words.
A puff of flame appears from out of thin air!
The puff of flame hits you!
* * * LOW HITPOINT WARNING * * *
Something hits you!
You die...

#### ##... . ##########...
. ####........#..# #
.......@....#..# #
.......{....#..# #
.........####..#########
........................
####......###..##.######
##......###..##.######
#####.....>.......... ...#
#................##.####.#
#......###..##...##.......


There were no monsters in sight!

Vanquished Creatures
  A black bear (D:4)
  An iguana (D:4)
  5 adders
  An ufetubus (D:4)
  3 worms
  6 orcs
  4 bats
  9 endoplasms
  A giant cockroach (D:1)
  12 goblins
  6 hobgoblins
  9 jackals
  3 kobolds
  A quokka (D:4)
  6 ball pythons
  3 frilled lizards
  4 rats
75 creatures vanquished.

Notes
Turn   | Place    | Note
-------+----------+-------------------------------------------
     0 | D:1      | Kazon the Demonspawn Gladiator began the quest for the Orb.
     0 | D:1      | Reached XP level 1. HP: 16/16 MP: 1/1
    51 | D:1      | Identified a scroll of acquirement
    51 | D:1      | Acquired the +3 morningstar "Apiweoso" {elec, rElec rN+++
                  | Will- Int+2}
    85 | D:1      | Gained mutation: You have a pair of small antennae on your
                  | head. [demonic ancestry]
    85 | D:1      | Reached XP level 2. HP: 22/22 MP: 2/2
    89 | D:1      | Reached skill level 3 in Dodging
   626 | D:1      | Gained mutation: You are partially covered in rugged brown
                  | scales. (AC +1, +3% HP) [demonic ancestry]
   626 | D:1      | Reached XP level 3. HP: 19/27 MP: 3/3
   705 | D:1      | Reached skill level 1 in Maces & Flails
  1089 | D:2      | Reached XP level 4. HP: 26/35 MP: 4/4
  1578 | D:3      | Found a blossoming altar of Fedhas.
  1749 | D:3      | Found a stormy altar of Qazlal.
  1816 | D:3      | Found a faded altar of an unknown god.
  1980 | D:3      | Identified the +2 sling "Qeuhanocyt" {speed, rElec Str-3
                  | Dex+2}
  2024 | D:4      | Found a staircase to the Ecumenical Temple.
  2033 | Temple   | Entered the Ecumenical Temple
  2117 | Temple   | Became a worshipper of Warmaster Okawaru
  2165 | D:4      | Noticed a black bear
  2181 | D:4      | Found a hazy altar of Hepliaklqana.
  2182 | D:4      | Found a shadowy altar of Dithmenos.
  2182 | D:4      | Noticed a shadow
  2260 | D:4      | Reached skill level 1 in Shields
  2260 | D:4      | Gained mutation: You regenerate a little health from kills.
                  | [demonic ancestry]
  2260 | D:4      | Reached XP level 5. HP: 40/40 MP: 5/5
  2265 | D:4      | Noticed a black bear
  2271 | D:4      | Killed a black bear
  2272 | D:4      | Reached skill level 1 in Short Blades
  2272 | D:4      | Reached skill level 1 in Armour
  2272 | D:4      | Reached skill level 1 in Invocations
  2526 | D:4      | Reached * piety under Okawaru
  2562 | D:4      | Noticed Sigmund
  2574 | D:4      | Slain by Sigmund

Illustrated notes

Levels and vault maps discovered:
D:1:      ebering_trefoil_3fold, layout_basic, st_stairs_14, serial_bayou_ford_a
D:2:      layout_basic, hangedman_decor_growths, minmay_close_crescents
D:3:      layout_rooms, mainiacjoe_overflow_concentric_impassable,
          mainiacjoe_overflow_paths, shapermc_ecumenical_altar_acropolis,
          chequers_serial_rivers_micro_b
D:4:      layout_basic, riverfiend_overflow_shadow_ancestor,
          minmay_temple_entry_glass, uniq_sigmund
Temple:   nicolae_temple_elliptical

Skill      XL: |  1  2  3  4  5 |
---------------+----------------+-----
Dodging        | 3 |  3.3
Maces & Flails | 1 2 |  2.8
Throwing       | 2 |  2.0
Shields        | 1 |  1.2
Short Blades   | 1 |  1.1
Armour         | 1 |  1.3
Invocations    | 1 |  1.4
Fighting       | |  2.8
Axes           | |  2.9
Stealth        | |  0.1

Action                     |  1- 3 |  4- 6 || total
---------------------------+-------+-------++-------
  Melee: War axe           |    23 |       ||    23
         Morningstar       |    84 |    83 ||   167
  Throw: Javelin           |     1 |       ||     1
         Boomerang         |     8 |       ||     8
         Stone             |     3 |     4 ||     7
    Use: Scroll            |     2 |     1 ||     3
         Potion            |     1 |       ||     1
 Armour: Leather armour    |    37 |    20 ||    57
  Dodge: Dodged            |    57 |    27 ||    84
  Block: Tower shield      |    47 |    64 ||   111
